[Event "AUT Bundesliga 2022-23"]
[Site "Jenbach"]
[Date "2022.11.06"]
[Round "4.20"]
[White "Naumann, Alexander"]
[Black "Banusz, Tamas"]
[Result "1/2-1/2"]
[ECO "D17"]
[WhiteElo "2513"]
[BlackElo "2622"]
[Annotator "ChessBase"]
[PlyCount "60"]
[EventDate "2022.11.03"]
[EventType "team-tourn"]
[EventCountry "AUT"]
[SourceTitle "playchess.com"]
[Source "ChessBase"]
[SourceQuality "1"]
[TimeControl "40/5400+30:1800+30"]

1. d4 d5 2. c4 c6 3. Nf3 Nf6 4. Nc3 dxc4 5. a4 Bf5 6. Ne5 Nbd7 7. Nxc4 Nb6 8. Ne5 a5 9. e3 Nbd7 10. Nc4 Qc7 11. Qf3 Bg6 12. Qg3 Qxg3 13. hxg3 e6 14. Bd2 Bb4 15. f3 O-O 16. e4 Rfd8 17. Rd1 Ne8 18. Ne2 f6 19. Nf4 Bf7 20. Nd3 Bxd2+ 21. Rxd2 b5 22. axb5 cxb5 23. Ne3 Rac8 24. b4 a4 25. Nc5 Nxc5 26. dxc5 Nc7 27. Nc2 e5 28. Be2 Be8 29. Kd1 h6 30. Kc1 Rxd2 1/2-1/2

[Event "AUT Bundesliga 2022-23"]
[Site "Jenbach"]
[Date "2022.11.06"]
[Round "4.21"]
[White "Blohberger, Felix"]
[Black "Roseneck, Jonas"]
[Result "1-0"]
[ECO "E48"]
[WhiteElo "2493"]
[BlackElo "2414"]
[Annotator "ChessBase"]
[PlyCount "67"]
[EventDate "2022.11.03"]
[EventType "team-tourn"]
[EventCountry "AUT"]
[SourceTitle "playchess.com"]
[Source "ChessBase"]
[SourceQuality "1"]
[TimeControl "40/5400+30:1800+30"]

1. d4 Nf6 2. c4 e6 3. Nc3 Bb4 4. e3 O-O 5. Bd3 d5 6. cxd5 exd5 7. a3 Bxc3+ 8. bxc3 c5 9. Ne2 b6 10. O-O Ba6 11. f3 Bxd3 12. Qxd3 Re8 13. Ng3 Nc6 14. Bb2 h5 15. Rae1 g6 16. e4 h4 17. Nh1 Nh5 18. e5 cxd4 19. cxd4 Qg5 20. f4 Qf5 21. Qf3 Qd7 22. f5 Qxf5 23. Qxf5 gxf5 24. Rxf5 Ng7 25. Rf4 Rac8 26. Nf2 Ne7 27. Ng4 Nh5 28. Rf2 Rf8 29. Ref1 Rc6 30. Bc1 Kg7 31. Bg5 Re6 32. Bxh4 Ng8 33. Rf5 Nh6 34. Nxh6 1-0

[Event "AUT Bundesliga 2022-23"]
[Site "Jenbach"]
[Date "2022.11.06"]
[Round "4.22"]
[White "Bauer, Sebastian"]
[Black "Peyrer, Konstantin"]
[Result "1/2-1/2"]
[ECO "C50"]
[WhiteElo "2291"]
[BlackElo "2402"]
[Annotator "ChessBase"]
[PlyCount "46"]
[EventDate "2022.11.03"]
[EventType "team-tourn"]
[EventCountry "AUT"]
[SourceTitle "playchess.com"]
[Source "ChessBase"]
[SourceQuality "1"]
[TimeControl "40/5400+30:1800+30"]

1. e4 e5 2. Nf3 Nc6 3. Bc4 d6 4. O-O Be7 5. c3 Nf6 6. d3 O-O 7. Re1 Na5 8. Bb5 a6 9. Ba4 b5 10. Bc2 c5 11. d4 Qc7 12. d5 g6 13. Nbd2 Nh5 14. Nf1 f6 15. Ng3 Nf4 16. b4 Nc4 17. a4 Bd7 18. a5 Rf7 19. Ra2 Kh8 20. Ne2 Nh5 21. Ng3 Nf4 22. Ne2 Nh5 23. Ng3 Nf4 1/2-1/2

[Event "AUT Bundesliga 2022-23"]
[Site "Jenbach"]
[Date "2022.11.06"]
[Round "4.23"]
[White "Steindl, Johannes"]
[Black "Handler, Lukas"]
[Result "1/2-1/2"]
[ECO "C11"]
[WhiteElo "2315"]
[BlackElo "2442"]
[Annotator "ChessBase"]
[PlyCount "67"]
[EventDate "2022.11.03"]
[EventType "team-tourn"]
[EventCountry "AUT"]
[SourceTitle "playchess.com"]
[Source "ChessBase"]
[SourceQuality "1"]
[TimeControl "40/5400+30:1800+30"]

1. e4 e6 2. d4 d5 3. Nc3 Nf6 4. e5 Nfd7 5. f4 c5 6. Nf3 Nc6 7. Be3 cxd4 8. Nxd4 Qb6 9. Qd2 Qxb2 10. Rb1 Qa3 11. Bb5 Nxd4 12. Bxd4 a6 13. Bxd7+ Bxd7 14. Rb3 Qe7 15. Rxb7 Rc8 16. Rf1 Rc4 17. Na4 Qd8 18. Nb6 Rc7 19. Rxc7 Qxc7 20. Rf3 Be7 21. f5 Bb5 22. Kd1 Bc4 23. fxe6 fxe6 24. Qf4 Rf8 25. Qg4 Rxf3 26. gxf3 Kf7 27. Qh5+ Kf8 28. Qxh7 Bxa2 29. h4 Qc6 30. Nc8 Qc4 31. Qh8+ Kf7 32. Qh5+ Kf8 33. Qh8+ Kf7 34. Qh5+ 1/2-1/2

[Event "AUT Bundesliga 2022-23"]
[Site "Jenbach"]
[Date "2022.11.06"]
[Round "4.24"]
[White "Halvax, Georg"]
[Black "Huber, Benedikt"]
[Result "1/2-1/2"]
[ECO "D37"]
[WhiteElo "2432"]
[BlackElo "2299"]
[Annotator "ChessBase"]
[PlyCount "50"]
[EventDate "2022.11.03"]
[EventType "team-tourn"]
[EventCountry "AUT"]
[SourceTitle "playchess.com"]
[Source "ChessBase"]
[SourceQuality "1"]
[TimeControl "40/5400+30:1800+30"]

1. d4 d5 2. c4 e6 3. Nf3 Nf6 4. Nc3 a6 5. cxd5 exd5 6. Bg5 Be6 7. Qb3 Nbd7 8. Qxb7 Rb8 9. Qxa6 Rxb2 10. Bc1 Rb6 11. Qd3 Bb4 12. Bd2 g6 13. Nd1 Bf5 14. Qe3+ Be7 15. g3 O-O 16. Bg2 Re8 17. Qc3 Ne4 18. Qc1 Qa8 19. Ne3 Ba3 20. Qxc7 Rc8 21. Qf4 Bd6 22. Qh6 Bf8 23. Qf4 Bd6 24. Qh6 Bf8 25. Qf4 Bd6 1/2-1/2

[Event "AUT Bundesliga 2022-23"]
[Site "Jenbach"]
[Date "2022.11.06"]
[Round "4.25"]
[White "Baldauf, Marco"]
[Black "Georgiadis, Nico"]
[Result "1/2-1/2"]
[ECO "E32"]
[WhiteElo "2501"]
[BlackElo "2577"]
[Annotator "ChessBase"]
[PlyCount "96"]
[EventDate "2022.11.03"]
[EventType "team-tourn"]
[EventCountry "AUT"]
[SourceTitle "playchess.com"]
[Source "ChessBase"]
[SourceQuality "1"]
[TimeControl "40/5400+30:1800+30"]

1. d4 Nf6 2. c4 e6 3. Nc3 Bb4 4. Qc2 O-O 5. a3 Bxc3+ 6. Qxc3 b6 7. Bg5 h6 8. Bh4 Bb7 9. e3 d6 10. Ne2 Nbd7 11. Qc2 c5 12. dxc5 bxc5 13. f3 d5 14. Bg3 Qe7 15. Rc1 e5 16. cxd5 e4 17. d6 Qe8 18. f4 Qe6 19. Nc3 Qxd6 20. Be2 Ba6 21. f5 Qb6 22. Rd1 Bd3 23. Bxd3 exd3 24. Rxd3 c4 25. Rd4 Rfe8 26. O-O Rxe3 27. Rfd1 Rae8 28. Bf2 Ng4 29. Bxe3 Nxe3 30. Qf2 Nxd1 31. Rxd1 Qxf2+ 32. Kxf2 Ne5 33. Rd2 Nd3+ 34. Kf3 Re1 35. Re2 Rf1+ 36. Ke4 h5 37. g3 h4 38. Kd4 Rxf5 39. Kxc4 Ne5+ 40. Kb5 h3 41. Ka6 Nc6 42. b4 g5 43. Rd2 Rf3 44. Nb5 Rb3 45. Kb7 Ne5 46. Kxa7 g4 47. Ra2 Nf3 48. Nd6 Nxh2 1/2-1/2

[Event "AUT Bundesliga 2022-23"]
[Site "Jenbach"]
[Date "2022.11.06"]
[Round "4.26"]
[White "Koelle, Tobias"]
[Black "Prusikin, Michael"]
[Result "1-0"]
[ECO "D37"]
[WhiteElo "2439"]
[BlackElo "2517"]
[Annotator "ChessBase"]
[PlyCount "81"]
[EventDate "2022.11.03"]
[EventType "team-tourn"]
[EventCountry "AUT"]
[SourceTitle "playchess.com"]
[Source "ChessBase"]
[SourceQuality "1"]
[TimeControl "40/5400+30:1800+30"]

1. d4 d5 2. c4 e6 3. Nf3 Nf6 4. Nc3 Nbd7 5. Bf4 dxc4 6. e3 Bd6 7. Bxd6 cxd6 8. Bxc4 O-O 9. O-O Nb6 10. Bb3 Bd7 11. d5 e5 12. Rc1 Bg4 13. h3 Bh5 14. e4 Bxf3 15. Qxf3 Nbd7 16. Rfe1 Nc5 17. Na4 Nfd7 18. Nxc5 Nxc5 19. Bc4 Qb6 20. Qe2 g6 21. Qd2 a5 22. Re3 Kh8 23. Kh2 f5 24. exf5 gxf5 25. b3 f4 26. Ree1 Rf6 27. a3 Rg8 28. b4 axb4 29. axb4 Nd7 30. Bf1 Rfg6 31. Rc4 Nf6 32. Rec1 R6g7 33. Rc8 Ne4 34. Qc2 Nxf2 35. Qf5 h6 36. Rxg8+ Rxg8 37. Qf6+ Kh7 38. Qf7+ Rg7 39. Qf5+ Rg6 40. Rc8 f3 41. Qxf3 1-0

[Event "AUT Bundesliga 2022-23"]
[Site "Jenbach"]
[Date "2022.11.06"]
[Round "4.27"]
[White "Berchtenbreiter, Maximilian"]
[Black "Krassowizkij, Jaroslaw"]
[Result "1/2-1/2"]
[ECO "C67"]
[WhiteElo "2509"]
[BlackElo "2439"]
[Annotator "ChessBase"]
[PlyCount "73"]
[EventDate "2022.11.03"]
[EventType "team-tourn"]
[EventCountry "AUT"]
[SourceTitle "playchess.com"]
[Source "ChessBase"]
[SourceQuality "1"]
[TimeControl "40/5400+30:1800+30"]

1. e4 e5 2. Nf3 Nc6 3. Bb5 Nf6 4. O-O Nxe4 5. Re1 Nd6 6. Nxe5 Be7 7. Bf1 Nxe5 8. Rxe5 O-O 9. d4 Bf6 10. Re1 Re8 11. c3 Rxe1 12. Qxe1 Ne8 13. d5 c6 14. Qe4 Qe7 15. Nd2 cxd5 16. Qxd5 Nc7 17. Qf3 d5 18. Nb3 Bd7 19. Be3 Bc6 20. Bc5 Qd7 21. Bd4 Bxd4 22. Nxd4 Ne6 23. Rd1 Nxd4 24. Rxd4 Re8 25. Qd1 Re4 26. Rxe4 dxe4 27. Qxd7 Bxd7 28. Bc4 Kf8 29. Bd5 Bc6 30. Bxc6 bxc6 31. g4 Ke7 32. Kf1 Kf6 33. Ke2 Ke5 34. Ke3 f6 35. f4+ exf3 36. Kxf3 f5 37. gxf5 1/2-1/2

[Event "AUT Bundesliga 2022-23"]
[Site "Jenbach"]
[Date "2022.11.06"]
[Round "4.28"]
[White "Richter, Nils"]
[Black "Hess, Max"]
[Result "1/2-1/2"]
[ECO "E04"]
[WhiteElo "2395"]
[BlackElo "2361"]
[Annotator "ChessBase"]
[PlyCount "60"]
[EventDate "2022.11.03"]
[EventType "team-tourn"]
[EventCountry "AUT"]
[SourceTitle "playchess.com"]
[Source "ChessBase"]
[SourceQuality "1"]
[TimeControl "40/5400+30:1800+30"]

1. d4 d5 2. c4 e6 3. Nf3 Nf6 4. g3 dxc4 5. Bg2 Nbd7 6. O-O Rb8 7. a4 a6 8. a5 Bd6 9. Nbd2 b5 10. axb6 Nxb6 11. Qc2 Bb7 12. Nxc4 Be4 13. Nxd6+ cxd6 14. Qd1 O-O 15. Rxa6 Qd7 16. Ne1 Bxg2 17. Nxg2 Rfc8 18. Nf4 Qb7 19. Ra1 h6 20. Nd3 Qd5 21. b3 Nbd7 22. b4 Qxd4 23. Bb2 Qb6 24. Qa4 Qb7 25. Rfc1 Nd5 26. b5 Rd8 27. Rc6 Qxb5 28. Qxb5 Rxb5 29. Rxd6 Rb6 30. Rxb6 N5xb6 1/2-1/2

[Event "AUT Bundesliga 2022-23"]
[Site "Jenbach"]
[Date "2022.11.06"]
[Round "4.29"]
[White "Ciolek, Andreas"]
[Black "Deuer, Marius"]
[Result "1/2-1/2"]
[ECO "B10"]
[WhiteElo "2301"]
[BlackElo "2326"]
[Annotator "ChessBase"]
[PlyCount "72"]
[EventDate "2022.11.03"]
[EventType "team-tourn"]
[EventCountry "AUT"]
[SourceTitle "playchess.com"]
[Source "ChessBase"]
[SourceQuality "1"]
[TimeControl "40/5400+30:1800+30"]

1. e4 c6 2. Nc3 d5 3. Nf3 dxe4 4. Nxe4 Nf6 5. Qe2 Nxe4 6. Qxe4 Qa5 7. Bd3 e6 8. c3 Nd7 9. Bc2 Nf6 10. Qe2 Bd6 11. d4 h6 12. O-O Qc7 13. Re1 b6 14. Ne5 Bb7 15. Bf4 O-O-O 16. a4 g5 17. Bd2 Nd5 18. c4 Nf4 19. Bxf4 gxf4 20. Be4 a5 21. Qf3 Bxe5 22. dxe5 Rd4 23. Rac1 c5 24. Qxf4 f5 25. Bxb7+ Qxb7 26. Qf3 Qxf3 27. gxf3 Rd2 28. b3 Rhd8 29. Rc3 R8d4 30. Rce3 h5 31. R1e2 Rd1+ 32. Kg2 h4 33. Re1 R1d2 34. R1e2 Rd1 35. Re1 R1d2 36. R1e2 Rd1 1/2-1/2

[Event "AUT Bundesliga 2022-23"]
[Site "Jenbach"]
[Date "2022.11.06"]
[Round "4.30"]
[White "Neyman, Igor"]
[Black "Wohlfahrt, Herbert"]
[Result "1/2-1/2"]
[ECO "A50"]
[WhiteElo "2354"]
[BlackElo "2318"]
[Annotator "ChessBase"]
[PlyCount "64"]
[EventDate "2022.11.03"]
[EventType "team-tourn"]
[EventCountry "AUT"]
[SourceTitle "playchess.com"]
[Source "ChessBase"]
[SourceQuality "1"]
[TimeControl "40/5400+30:1800+30"]

1. d4 Nf6 2. c4 a6 3. Nc3 c5 4. e3 e6 5. Nf3 d5 6. cxd5 exd5 7. Be2 Nc6 8. O-O Bd6 9. dxc5 Bxc5 10. Nd4 O-O 11. b3 Nxd4 12. exd4 Bb4 13. Bd2 Re8 14. Ne4 Nxe4 15. Bxb4 Qb6 16. Be1 Bd7 17. f3 Nd6 18. Bf2 Bb5 19. Re1 Bxe2 20. Rxe2 Rxe2 21. Qxe2 Re8 22. Qd3 Qc6 23. a4 g6 24. g4 f6 25. Bg3 Nf7 26. Bf4 Rc8 27. Rc1 Qe6 28. Rxc8+ Qxc8 29. Qd2 Kg7 30. Qb4 Qd7 31. Qb6 Qc6 32. Qxc6 bxc6 1/2-1/2

[Event "AUT Bundesliga 2022-23"]
[Site "Jenbach"]
[Date "2022.11.06"]
[Round "4.31"]
[White "Baumegger, Siegfried"]
[Black "Haba, Petr"]
[Result "1/2-1/2"]
[ECO "A06"]
[WhiteElo "2441"]
[BlackElo "2454"]
[Annotator "ChessBase"]
[PlyCount "64"]
[EventDate "2022.11.03"]
[EventType "team-tourn"]
[EventCountry "AUT"]
[SourceTitle "playchess.com"]
[Source "ChessBase"]
[SourceQuality "1"]
[TimeControl "40/5400+30:1800+30"]

1. Nf3 d5 2. g3 e6 3. Bg2 Nf6 4. O-O Be7 5. c4 O-O 6. b3 b6 7. Bb2 Bb7 8. e3 c5 9. Nc3 dxc4 10. bxc4 Nc6 11. Qe2 Qc7 12. Ne1 Rad8 13. Rd1 a6 14. f4 Na7 15. a4 Bxg2 16. Nxg2 Qd7 17. g4 Qd3 18. Qxd3 Rxd3 19. g5 Ne8 20. Kf2 Rd7 21. Ke2 Nd6 22. d3 Rb8 23. Rb1 b5 24. axb5 axb5 25. cxb5 c4 26. Rfd1 cxd3+ 27. Rxd3 Naxb5 28. Rbd1 Nxc3+ 29. Bxc3 Ne4 30. Rxd7 Nxc3+ 31. Kf3 Nxd1 32. Rxd1 e5 1/2-1/2

[Event "AUT Bundesliga 2022-23"]
[Site "Jenbach"]
[Date "2022.11.06"]
[Round "4.32"]
[White "Schwabeneder, Florian"]
[Black "Sadilek, Peter"]
[Result "0-1"]
[ECO "C50"]
[WhiteElo "2414"]
[BlackElo "2319"]
[Annotator "ChessBase"]
[PlyCount "140"]
[EventDate "2022.11.03"]
[EventType "team-tourn"]
[EventCountry "AUT"]
[SourceTitle "playchess.com"]
[Source "ChessBase"]
[SourceQuality "1"]
[TimeControl "40/5400+30:1800+30"]

1. e4 e5 2. Nf3 Nc6 3. Bc4 Bc5 4. O-O Nf6 5. d3 d6 6. c3 a5 7. Re1 h6 8. Nbd2 O-O 9. Nf1 Be6 10. Bb5 Ba7 11. Ng3 Ne7 12. h3 Ng6 13. d4 c6 14. Bd3 Re8 15. Be3 Qc7 16. Qc2 a4 17. c4 exd4 18. Nxd4 Bd7 19. Rad1 Nh4 20. Bf1 Bc5 21. Kh1 Qb6 22. f3 Re7 23. Bf2 Rae8 24. Nge2 Ng6 25. Nc3 Ra8 26. b3 axb3 27. axb3 Qa5 28. Rc1 Bb4 29. Red1 Qg5 30. Na4 Nh5 31. Nb6 Rae8 32. Nxd7 Rxd7 33. Nf5 Ne7 34. h4 Qf6 35. g3 Nxf5 36. exf5 Rde7 37. Kg2 Bc5 38. Be1 Re3 39. Bc3 Qe7 40. Qd2 Ba3 41. Ra1 Bc5 42. Re1 d5 43. Rxe3 Bxe3 44. Qc2 Qd6 45. f4 d4 46. Be1 Nf6 47. Be2 Ne4 48. Rd1 Qf6 49. Bd3 Qxf5 50. b4 Qg4 51. Be2 Qe6 52. c5 Nf6 53. Bc4 Nd5 54. Kh2 Qg4 55. Ra1 g6 56. Qd1 Qf5 57. Qd3 Qg4 58. Qd1 Qe6 59. Qf3 Qf5 60. Qd1 h5 61. Qd3 Qg4 62. Qd1 Qe6 63. Qd3 Qg4 64. Qd1 Qd7 65. Qd3 Kg7 66. b5 Nf6 67. Qf1 Ng4+ 68. Kh1 Re7 69. Rb1 Qf5 70. Be2 Qxb1 0-1

[Event "AUT Bundesliga 2022-23"]
[Site "Jenbach"]
[Date "2022.11.06"]
[Round "4.33"]
[White "Sadilek, Maximilian"]
[Black "Leisch, Lukas"]
[Result "0-1"]
[ECO "B24"]
[WhiteElo "2260"]
[BlackElo "2395"]
[Annotator "ChessBase"]
[PlyCount "118"]
[EventDate "2022.11.03"]
[EventType "team-tourn"]
[EventCountry "AUT"]
[SourceTitle "playchess.com"]
[Source "ChessBase"]
[SourceQuality "1"]
[TimeControl "40/5400+30:1800+30"]

1. e4 c5 2. Nc3 Nc6 3. d3 e6 4. g3 g6 5. Bg2 Bg7 6. Nge2 Nge7 7. Be3 d6 8. d4 Qb6 9. dxc5 dxc5 10. O-O O-O 11. Na4 Qa5 12. c3 b6 13. b3 Ba6 14. Re1 Bxe2 15. Rxe2 Bxc3 16. Nxc3 Qxc3 17. Rc1 Rad8 18. Rd2 Rxd2 19. Bxd2 Qd3 20. Qe1 Nd4 21. Kh1 Nf3 22. Bxf3 Qxf3+ 23. Kg1 Rd8 24. Rc3 Rd3 25. Rxd3 Qxd3 26. b4 Nc6 27. bxc5 Nd4 28. Kg2 Qf3+ 29. Kg1 Ne2+ 30. Kf1 bxc5 31. Bh6 Nd4 32. Kg1 Ne2+ 33. Kf1 Nxg3+ 34. hxg3 Qh1+ 35. Ke2 Qxh6 36. Qa5 Qh5+ 37. Ke3 Qg5+ 38. Ke2 Qe7 39. Qb5 Qc7 40. Kd3 Qd6+ 41. Kc2 Kg7 42. Qa5 a6 43. f4 f6 44. a4 e5 45. fxe5 fxe5 46. Kc1 h5 47. Kc2 Kh6 48. Qe1 Qd4 49. a5 c4 50. Qc1+ Kg7 51. Qg5 Qxe4+ 52. Kc3 Qd4+ 53. Kb4 c3+ 54. Kb3 Qd5+ 55. Kxc3 Qxa5+ 56. Kb3 Qb5+ 57. Ka3 Qc5+ 58. Ka4 Qc4+ 59. Ka3 Qe6 0-1

[Event "AUT Bundesliga 2022-23"]
[Site "Jenbach"]
[Date "2022.11.06"]
[Round "4.34"]
[White "Kilgus, Georg"]
[Black "Leitner, Gerald"]
[Result "1-0"]
[ECO "A04"]
[WhiteElo "2397"]
[BlackElo "2167"]
[Annotator "ChessBase"]
[PlyCount "59"]
[EventDate "2022.11.03"]
[EventType "team-tourn"]
[EventCountry "AUT"]
[SourceTitle "playchess.com"]
[Source "ChessBase"]
[SourceQuality "1"]
[TimeControl "40/5400+30:1800+30"]

1. Nf3 c5 2. e3 Nf6 3. d4 e6 4. Bd3 Nc6 5. O-O d5 6. b3 cxd4 7. exd4 Bd6 8. Bg5 h6 9. Bh4 Bd7 10. c4 g5 11. Bg3 Bxg3 12. fxg3 dxc4 13. bxc4 g4 14. Ne5 Nxd4 15. Bg6 Nf5 16. Nxf7 Qb6+ 17. Rf2 O-O 18. Nc3 Rxf7 19. Bxf7+ Kxf7 20. Rb1 Qc7 21. Qd3 Re8 22. Ne4 b6 23. Nxf6 Kxf6 24. Qd4+ Ke7 25. Qxg4 Kd8 26. Qe4 Bc6 27. Qd3+ Kc8 28. c5 bxc5 29. Rfb2 Nd4 30. Qa6+ 1-0

[Event "AUT Bundesliga 2022-23"]
[Site "Jenbach"]
[Date "2022.11.06"]
[Round "4.35"]
[White "Kersten, Julian"]
[Black "Salvenmoser, Stefan"]
[Result "0-1"]
[ECO "B91"]
[WhiteElo "1999"]
[BlackElo "2295"]
[Annotator "ChessBase"]
[PlyCount "68"]
[EventDate "2022.11.03"]
[EventType "team-tourn"]
[EventCountry "AUT"]
[SourceTitle "playchess.com"]
[Source "ChessBase"]
[SourceQuality "1"]
[TimeControl "40/5400+30:1800+30"]

1. e4 c5 2. Nf3 d6 3. Nc3 a6 4. d4 cxd4 5. Nxd4 Nf6 6. g3 e5 7. Nde2 Be7 8. Bg2 b5 9. a3 Bb7 10. O-O Nbd7 11. Nd5 Nxd5 12. exd5 O-O 13. Nc3 Qc7 14. Re1 Rfe8 15. Kh1 Rac8 16. f4 exf4 17. Bxf4 Bf6 18. Rxe8+ Rxe8 19. Ne4 Be5 20. Bxe5 Rxe5 21. Nc3 Nf6 22. Qd4 Qe7 23. h3 Nh5 24. Kh2 f5 25. Qa7 g5 26. Bf3 Nf6 27. Rd1 h5 28. Qd4 g4 29. hxg4 hxg4 30. Bg2 Nh5 31. Rf1 Qh7 32. Qa7 Qe7 33. Qd4 Bc8 34. Qd2 Re3 0-1

[Event "AUT Bundesliga 2022-23"]
[Site "Jenbach"]
[Date "2022.11.06"]
[Round "4.36"]
[White "Lentrodt, Thomas"]
[Black "Goetz, Christoph"]
[Result "1-0"]
[ECO "A88"]
[WhiteElo "2252"]
[BlackElo "1867"]
[Annotator "TA"]
[PlyCount "93"]
[EventDate "2022.11.03"]
[EventType "team-tourn"]
[EventCountry "AUT"]
[SourceTitle "playchess.com"]
[Source "ChessBase"]
[SourceQuality "1"]
[TimeControl "40/5400+30:1800+30"]

1. Nf3 f5 2. d4 Nf6 3. g3 g6 4. Bg2 Bg7 5. c4 O-O 6. Nc3 d6 7. O-O c6 {[%emt 0:03:32] now scores much better than the old 7...Qe8.} 8. Qc2 Na6 9. Rd1 Qe8 {[%emt 0:05:24] A88: Dutch Defence: Leningrad System: 5 Nf3 0-0 6 0-0 d6 7 Nc3 c6.} 10. d5 Bd7 11. Be3 h6 {[%emt 0:09:23] [#] The position is equal.} 12. Nd4 $146 ({Predecessor:} 12. Qb3 c5 13. Qxb7 Nb4 14. Rac1 a5 15. a3 Rb8 16. Qa7 Ra8 17. Qb7 Rb8 18. Qa7 Ra8 {½-½ (18) Norlin,E (2186)-Gagarin,V (2289) Stockholm 2015}) 12... Ng4 13. Bc1 Ne5 (13... Rc8 $11) 14. b3 (14. f4 $14 Ng4 15. e4) 14... Rc8 15. f4 Nb4 16. Qd2 Ng4 17. Nc2 (17. e3 $14) 17... c5 (17... Nxc2 $17 18. Qxc2 b5) 18. e3 $11 {[%emt 0:01:53] Inhibits Bd4.} g5 {[%emt 0:03:32][%cal Og4h2] aiming for ...Nxh2!} 19. h3 Nf6 20. Rb1 Nh5 21. Ne2 Nxc2 22. Qxc2 Qg6 {[%emt 0:00:13] [#]} (22... b5 $11) 23. Kh2 ({White should play} 23. g4 $1 $16 ) 23... b5 24. Bb2 (24. g4 $1 $14 Nf6 25. Ng3) 24... Rf7 (24... Bxb2 $11 25. Rxb2 (25. Qxb2 Nf6 $11) 25... Rb8) 25. Rg1 (25. g4 $1 $14 Nf6 26. Ng3) 25... Kh7 ({Better is} 25... Bxb2 $11 26. Qxb2 Nf6) 26. e4 ({White should try} 26. g4 $1 $14 Nf6 27. Ng3 gxf4 28. exf4 fxg4 29. Qxg6+ Kxg6 30. Bxf6 Bxf6 31. hxg4) 26... Bxb2 27. Rxb2 Ng7 (27... gxf4 $11 {remains equal.} 28. gxf4 Qf6) 28. e5 Rff8 29. cxb5 Bxb5 30. Nc3 Ba6 31. Qd2 Nh5 32. Bf3 Rg8 33. Rbb1 Rb8 (33... gxf4 $2 34. gxf4 Qf7 35. e6 $18) 34. Rbe1 {[%emt 0:00:47] Black must now prevent exd6.} Rb4 (34... gxf4 $2 35. gxf4 Ng3 36. exd6 exd6 37. Re7+ Kh8 38. Ne2 Nf1+ 39. Rxf1 $18) 35. exd6 exd6 36. Re6 Nf6 37. Qe3 {[%emt 0:03:54] White is more active.} (37. fxg5 Rd4 38. Qe3 hxg5 39. Rxd6 Re8 $14) (37. Rxd6 $16 Rd4 38. Qe1 Ng4+ 39. Bxg4 (39. hxg4 Qxd6 40. gxf5 gxf4 $11) 39... Qxd6 40. Bxf5+ Kh8 41. Be6 (41. Qe5+ Qxe5 42. fxe5 Re8 $11)) 37... g4 (37... Bc8 $11 38. Re7+ Rg7) 38. hxg4 {[%emt 0:00:52] g5 is the strong threat. The board is on fire.} (38. Rxd6 gxf3 39. Rxa6 (39. Qe7+ $2 Rg7 $19) 39... Ng4+ 40. hxg4 Qxa6 $11) 38... fxg4 {[%emt 0:01:10][%mdl 8192] Loses the game.} (38... Bc8 $16) 39. Be4 $18 Rxe4 40. Nxe4 (40. Qxe4 Nxe4 41. Rxg6 Kxg6 $11) 40... Qh5+ 41. Kg2 Nxd5 42. Qd2 Qf5 {[%emt 0:04:52] [#] Hoping for ...Bb7.} 43. Re1 $1 Bb7 {[%emt 0:10:08] [#]} (43... Rg6 44. Rxg6) 44. Kg1 $1 Ba8 (44... Rg6 45. Nxd6) 45. Nxd6 {[%emt 0:04:03] White mates.} Qh5 46. Qc2+ Kh8 {[%emt 0:03:57] [#]} 47. Rxh6+ $3 {[%emt 0:02:31][%mdl 512] Weighted Error Value: White=0.24 (precise) /Black=0.59} 1-0